 Dungeon Crawl Stone Soup version 0.29.1-2-gbd0b4ee654 (webtiles) character file.

Game seed: 3253918095568315960

142 DildoBatman the Conjurer (level 5, -6/35 HPs)
             Began as a Formicid Conjurer on Nov 15, 2022.
             Killed from afar by an orc wizard (10 damage)
             ... with a puff of flame
             ... on level 3 of the Dungeon.
             The game lasted 00:05:31 (1983 turns).

DildoBatman the Conjurer (Formicid Conjurer)        Turns: 1983, Time: 00:05:31

Health: -6/35      AC:  3    Str: 11    XL:     5   Next: 50%
Magic:  0/9        EV: 12    Int: 18    God:
Gold:   21         SH:  5    Dex: 14    Spells: 6/9 levels left

rFire   . . .      SeeInvis +   a - +2 dagger (elec)
rCold   . . .      Faith    .   o - +0 buckler
rNeg    . . .      Spirit   .   f - +0 robe
rPois   .          Reflect  .   (helmet unavailable)
rElec   .          Harm     .   (no cloak)
rCorr   .          Rampage  .   i - +0 pair of gloves
Will    .....                   (no boots)
Stlth   ++........              (no amulet)
HPRegen 0.11/turn               (no ring)
MPRegen 0.11/turn               (no ring)

@: no status effects
A: permanent stasis, dig shafts and tunnels, antennae 3, four strong arms
a: Dig, Shaft Self


You were on level 3 of the Dungeon.
You visited 1 branch of the dungeon, and saw 3 of its levels.

You collected 21 gold pieces.

Inventory:

Hand Weapons
 a - a +2 dagger of electrocution (weapon)
 b - a +0 sling
 d - a +2 dagger of protection
 e - a +2 whip of pain
Missiles
 g - 24 stones
 l - 4 poisoned darts
 q - 6 boomerangs
Armour
 f - a +0 robe (worn)
 i - a +0 pair of gloves (worn)
 o - a +0 buckler (worn)
Scrolls
 j - a scroll of identify {unknown}
 k - 2 scrolls of teleportation {unknown}
 m - a scroll of noise {unknown}
 p - a scroll of fear {unknown}
 r - a scroll of acquirement {unknown}
Potions
 c - a potion of berserk rage {unknown}
 h - a potion of brilliance {unknown}
 n - a potion of invisibility {unknown}
 s - a potion of magic
 t - a potion of haste {unknown}


   Skills:
 - Level 1.7 Dodging
 - Level 2.4 Stealth
 - Level 3.0 Shields
 * Level 2.8 Spellcasting
 * Level 5.0 Conjurations


You had 6 spell levels left.
You knew the following spells:

 Your Spells              Type           Power      Damage    Failure   Level
a - Searing Ray           Conj           40%        2d5       3%          2
c - Magic Dart            Conj           80%        1d7       2%          1

Your spell library contained the following spells:

 Spells                   Type           Power      Damage    Failure   Level
 Dazzling Flash           Conj/Hex       22%        N/A       22%         3
 Portal Projectile        Hex/Tloc       4%         N/A       52%         3
 Tukima's Dance           Hex            2%         N/A       52%         3
 Fulminant Prism          Conj/Hex       5%         3d7       58%         4
 Iskenderun's Mystic Bla  Conj/Tloc      11%        2d4       58%         4
 Petrify                  Tmut/Erth      2%         N/A       90%         4
 Blade Hands              Tmut           1%         N/A       99%         5
 Metabolic Englaciation   Hex/Ice        1%         N/A       99%         5
 Statue Form              Tmut/Erth      1%         N/A       100%        6


Dungeon Overview and Level Annotations

Branches:
Dungeon (3/15)

Altars:

Annotations:
D:2 exclusion: sensed monster (detected), Jessica


Innate Abilities, Weirdness & Mutations

You cannot be hasted, slowed, berserked, paralysed or teleported.
You can dig through walls and to a lower floor.
You have a pair of large antennae on your head. (SInv)
Your four strong arms can wield two-handed weapons with a shield.


Message History

Things that are here:
a +0 dagger; a +0 whip; an orc corpse The orc priest shouts!
You shoot a sling bullet. The orc wizard shouts!
The sling bullet hits the orc priest.
The orc priest is lightly wounded.
You hear the crackle of electricity.
a - a +2 dagger of electrocution (weapon)
Casting: Searing Ray (safe; 4% risk of failure)
Confirm with . or Enter, or press ? or * to list all spells.
Aiming: Searing Ray (safe; 4% risk of failure)
Press: ? - help, Shift-Dir - straight line, f/p - orc priest
Aim: an orc priest, wielding a +0 flail (lightly wounded, 78% to hit)
The searing ray hits the orc priest!
The orc priest is severely wounded. (Press . to maintain the ray.)
The orc priest calls down the wrath of Beogh upon you.
Beogh smites you!
The searing ray misses the orc priest.
The searing ray misses the orc priest.
The searing ray hits the orc priest.
You kill the orc priest!
You finish channelling your searing ray.
Training target 3.0 for Shields reached!
Your Shields skill increases to level 3!
Your Conjurations skill increases to level 5!
Casting: Searing Ray (safe; 3% risk of failure)
Confirm with . or Enter, or press ? or * to list all spells.
Aiming: Searing Ray (safe; 3% risk of failure)
Press: ? - help, Shift-Dir - straight line, f - orc wizard
Aim: an orc wizard, wielding a +0 dagger and wearing a +0 robe (72% to hit)
The searing ray hits the orc wizard!
The orc wizard is heavily wounded. (Press . to maintain the ray.)
The orc wizard points at you and mumbles some strange words.
The magic dart hits you!
The orc wizard gestures at you while chanting.
The puff of flame hits you!
You die...

#...........#.#..... .
#.....{o....#.#..... .. #
#...........# #.#### ...#.
#...........# #<#
#...##.....o...... #.#
###.........# #.#
........## #.#
...####o.############.#
)....†...@..).........#
.......#..###########.####
.......##.### ######.....
....... #...# #......####
....... ###.## #......#
....... #..# #.<....#
.......#####.###......#
..........'......####
.######.###......##..


You could see an orc wizard.

Vanquished Creatures
  An orc priest (D:3)
  5 adders (D:2)
  A worm (D:3)
  3 dart slugs
  3 orcs (D:3)
  3 ball pythons (D:1)
  7 endoplasms
  A giant cockroach (D:1)
  5 goblins
  A hobgoblin (D:1)
  7 jackals
  2 bats
  7 frilled lizards
  7 kobolds
  2 rats
55 creatures vanquished.

Notes
Turn   | Place    | Note
-------+----------+-------------------------------------------
     0 | D:1      | DildoBatman the Formicid Conjurer began the quest for the
                  | Orb.
     0 | D:1      | Reached XP level 1. HP: 13/13 MP: 3/3
   194 | D:1      | Reached skill level 4 in Conjurations
   194 | D:1      | Reached XP level 2. HP: 5/19 MP: 1/5
   201 | D:1      | Learned a level 2 spell: Searing Ray
   334 | D:1      | Found a faded altar of an unknown god.
   471 | D:1      | Reached XP level 3. HP: 10/24 MP: 3/6
  1168 | D:2      | Reached skill level 1 in Shields
  1168 | D:2      | Reached XP level 4. HP: 30/30 MP: 2/7
  1314 | D:2      | Noticed Jessica
  1754 | D:3      | Reached XP level 5. HP: 35/35 MP: 2/8
  1982 | D:3      | Reached skill level 5 in Conjurations
  1983 | D:3      | Killed from afar by an orc wizard

Illustrated notes

Levels and vault maps discovered:
D:1:      lemuel_arrival_behind_the_door_large, layout_basic,
          serial_corexii_hall, chequers_hall_statues_y, corexii_hall_statues_i,
          corexii_hall_statues_deadend, chequers_hall_statues_corner_a,
          hellmonk_ecumenical_altar_dog_temple, chequers_serial_rivers_room_a
D:2:      wander_river, layout_rooms, skrybe_limestone_x, fountainhead,
          uniq_jessica
D:3:      layout_basic, nicolae_overflow_hidden_temple

Skill      XL: |  1  2  3  4  5 |
---------------+----------------+-----
Conjurations   | 4 5 |  5.0
Shields        | 1 2 3 |  3.0
Dodging        | |  1.7
Stealth        | |  2.4
Spellcasting   | |  2.8

Action                   |  1- 3 |  4- 6 || total
-------------------------+-------+-------++-------
Melee: Dagger            |    39 |       ||    39
       Spear             |     4 |       ||     4
       Punch             |     2 |       ||     2
 Fire: Sling             |       |    24 ||    24
 Cast: Magic Dart        |    32 |    15 ||    47
       Searing Ray       |     6 |     8 ||    14
Armor: Robe              |     9 |     6 ||    15
Dodge: Dodged            |    32 |     6 ||    38
Block: Buckler           |       |     4 ||     4
